Map: Dusk Towers

Players

Bjorn - Winner!

  • Race: Zerg Zerg
  • League: Master

EON

  • Race: Zerg Zerg
  • League: Master

VOD

Have the link to the VOD?

Description

Time

  • Played on: March 11, 2016, 6:17 p.m.
  • Length: 9:41
Show
View Real Time Build Order
Export as new Build Order

Bjorn Zerg - Winner!

Build Orders: Pool First 

Get SALT Encoding   

  12  0:18  Spawning Pool  
  11  0:22  Drone  
  11  0:27  Drone  
  13  0:31  Drone  
  14  0:40  Overlord  
  14  1:06  Zergling x6  
  17  1:18  Hatchery  
  16  1:22  Zergling x2  
  17  1:30  Zergling x2  
  18  1:35  Queen  
  20  1:41  Zergling x2  
  21  1:49  Overlord  
  21  2:01  Drone  
  21  2:27  Queen  
  21  2:32  Drone x2  
  21  2:33  Drone, Queen  
  24  2:38  Drone  
  24  2:40  Spine Crawler  
  24  2:54  Drone x3  
  27  3:10  Queen  
  27  3:12  Drone x3  
  32  3:15  Overlord  
  32  3:23  Drone x2  
  32  3:26  Extractor x2  
  32  3:33  Drone x2  
  32  3:34  Drone  
  35  3:38  Drone x2  
  37  3:41  Overlord  
  37  3:45  Drone  
  38  3:52  Drone x3  
  41  4:01  Drone x3  
  44  4:13  Lair  
  44  4:14  Drone x2  
  46  4:18  Extractor x2  
  46  4:20  Drone x3  
  47  4:31  Spine Crawler  
  46  4:35  Drone  
  46  4:36  Metabolic Boost, Spine Crawler  
  46  4:38  Drone x2  
  48  4:44  Overlord  
  48  4:51  Drone x2  
  48  4:52  Drone  
  52  5:21  Drone x2  
  52  5:23  Overseer  
  52  5:24  Spire  
  55  5:28  Drone x3  
  55  5:30  Zergling x2  
  55  5:31  Hatchery, Zergling x4  
  58  5:39  Zergling x2  
  59  5:43  Overlord x2  
  59  5:44  Overlord  
  59  6:03  Zergling x20  
  59  6:04  Zergling x2  
  71  6:06  Hatchery  
  70  6:25  Zergling x6  
  67  6:44  Mutalisk x6  
  79  6:53  Roach Warren  
  78  6:54  Mutalisk  
  78  6:55  Evolution Chamber  
  78  6:59  Mutalisk x2  
  78  7:00  Overlord x2  
  83  7:19  Mutalisk x2  
  83  7:20  Mutalisk x3  
  83  7:22  Drone  
  92  7:45  Mutalisk x3  
  98  8:02  Roach  
  98  8:03  Roach x2  
  98  8:04  Drone x2  
  98  8:05  Overlord x3  
  106  8:13  Glial Reconstitution  
  102  8:33  Roach x6  
  102  8:34  Roach x7  
  128  8:35  Drone x2  
  129  8:48  Roach x2  
  129  8:54  Overlord x6  
  124  9:03  Roach x3  
  124  9:04  Roach  
  113  9:21  Drone x12  
  123  9:24  Extractor  
  123  9:26  Extractor  
  121  9:38  Hatchery  
Show
View Real Time Build Order
Export as new Build Order

EON Zerg 

Build Orders: Hatch First 

Get SALT Encoding   

  12  0:01  Drone  
  13  0:09  Drone  
  14  0:17  Overlord  
  14  0:23  Extractor  
  14  0:24  Drone  
  14  0:28  Extractor  
  13  0:29  Drone  
  16  0:51  Hatchery  
  16  0:53  Drone  
  16  0:57  Drone  
  17  1:00  Extractor  
  16  1:14  Spawning Pool  
  16  1:16  Drone  
  16  1:22  Drone  
  16  1:24  Drone  
  18  1:32  Overlord  
  18  2:01  Zergling x6, Queen  
  20  2:03  Metabolic Boost  
  20  2:07  Zergling x2  
  22  2:34  Drone  
  22  2:37  Baneling Nest  
  22  2:38  Drone  
  22  2:41  Drone  
  23  2:46  Zergling x2  
  23  2:48  Drone  
  25  2:52  Drone  
  25  2:58  Drone  
  27  3:02  Drone  
  27  3:03  Drone  
  29  3:10  Overlord  
  29  3:18  Queen  
  31  3:24  Baneling  
  31  3:25  Baneling x2  
  31  3:26  Baneling  
  31  3:28  Zergling x4  
  31  3:31  Drone  
  31  3:34  Zergling x2  
  35  3:43  Zergling x4  
  35  3:44  Zergling x4  
  35  3:48  Drone x2  
  41  3:52  Overlord  
  40  4:14  Drone x2  
  42  4:20  Extractor, Drone x3, Roach Warren  
  42  4:21  Drone x2  
  44  4:34  Drone x4  
  48  4:39  Overlord  
  48  4:41  Overlord  
  48  4:43  Lair  
  48  5:02  Roach  
  48  5:03  Roach x2  
  48  5:06  Roach  
  58  5:07  Hatchery, Roach  
  58  5:10  Roach  
  58  5:12  Roach  
  60  5:19  Drone  
  60  5:20  Drone  
  60  5:21  Extractor  
  61  5:27  Drone  
  62  5:33  Zergling x2  
  62  5:34  Zergling x2  
  64  5:39  Drone x4  
  68  5:43  Evolution Chamber, Glial Reconstitution  
  68  5:47  Baneling x2  
  67  5:54  Zergling x2  
  67  5:55  Overlord x2  
  61  6:20  Queen  
  61  6:21  Drone  
  61  6:23  Zergling x2  
  61  6:24  Zergling x4  
  66  6:29  Zergling x10  
  60  6:33  Drone  
  60  6:35  Zerg Missile Weapons Level 1  
  60  6:38  Zergling x2  
  58  6:42  Baneling x2  
  58  6:45  Baneling x4  
  58  6:48  Roach  
  58  6:49  Roach x2  
  58  6:50  Roach  
  66  6:56  Drone  
  66  7:10  Drone  
  67  7:16  Roach x2  
  67  7:17  Roach x2  
  67  7:20  Extractor  
  74  7:23  Drone  
  74  7:25  Drone x2  
  77  7:33  Spore Crawler  
  77  7:36  Spore Crawler  
  72  7:39  Spore Crawler x2  
  61  7:45  Spore Crawler  
  61  7:48  Spore Crawler  
  61  7:51  Zergling x6  
  58  7:52  Zergling x8  
  58  7:53  Zergling x8  
  59  8:02  Hydralisk Den  
  56  8:13  Baneling x3  
  55  8:31  Queen  
  55  8:34  Hydralisk x4  
  56  8:38  Hydralisk  
  56  8:39  Hydralisk x6  
  76  8:41  Hydralisk  
  76  8:42  Hydralisk x3  
  76  8:43  Hydralisk  
  76  8:46  Hydralisk x3  
  80  8:53  Hydralisk x3  
  76  8:55  Spore Crawler  
  76  8:57  Roach  
  62  9:07  Hydralisk  
  43  9:17  Drone x2  
  43  9:23  Drone  
Tags
 
Add a new tag
Caveats
  • Supply blocks, unpowered buildings, or Contaminate may cause inaccurate times.
  • Supply counts are checked every 10 seconds.